 Dungeon Crawl Stone Soup version 0.25-a0-410-g53dbb631d1 (webtiles) character file.

Game seed: 6244755652620558011, levelgen mode: deterministic

2668 MisterFreud the Cutter (level 9, -11/66 HPs)
             Began as a Gnoll Chaos Knight on Jan 13, 2020.
             Was a Plaything of Xom.
             Mangled by a two-headed ogre
             ... wielding a +0 giant club
              (14 damage)
             ... on level 8 of the Dungeon.
             The game lasted 00:12:46 (7347 turns).

MisterFreud the Cutter (Gnoll Chaos Knight)         Turns: 7347, Time: 00:12:46

Health: -11/66     AC:  5    Str: 14    XL:     9   Next: 63%
Magic:  24/24      EV: 30    Int: 18    God:    Xom [...*..]
Gold:   461        SH:  4    Dex: 15    Spells: 14/16 levels left

rFire    . . .     SeeInvis .   C - +1 trident (venom)
rCold    + . .     Gourm    .   (no shield)
rNeg     . . .     Faith    .   b - +2 leather armour
rPois    .         Spirit   .   (no helmet)
rElec    .         Reflect  .   (no cloak)
rCorr    .         Harm     .   (no gloves)
MR       .....                  (no boots)
Stlth    ++........             I - amulet of the acrobat (curse)
HPRegen  0.21/turn              n - ring of protection from cold
MPRegen  0.19/turn              k - ring of magical power

@: acrobat
A: distributed training, fangs 1, hooves 1, large bone plates 1, frail 1,
MP-powered wands, sturdy frame 1, strong nose
a: Renounce Religion


You were on level 8 of the Dungeon.
You worshipped Xom.
You were a favourite toy of Xom.
You were not hungry.

You visited 2 branches of the dungeon, and saw 9 of its levels.
You also visited: Sewer.

You collected 461 gold pieces.

Inventory:

Hand Weapons
 a - a +1 short sword of chaos
 C - a +1 trident of venom (weapon)
Missiles
 e - 160 stones (quivered)
 g - 37 bolts
 h - 109 arrows
 l - 40 sling bullets
 m - 4 javelins
 q - 10 boomerangs
 x - 14 datura-tipped darts
Armour
 b - a +2 leather armour (worn)
Jewellery
 k - a ring of magical power (right hand)
 n - a ring of protection from cold (left hand)
 I - a cursed amulet of the acrobat (around neck)
Scrolls
 o - 2 scrolls of remove curse
 p - 2 scrolls of magic mapping
 s - 3 scrolls of teleportation
 u - a scroll of immolation
 y - a scroll of blinking
 A - 2 scrolls of amnesia
 B - a scroll of holy word {unknown}
 D - a scroll of identify
Potions
 d - a potion of cancellation
 f - 2 potions of flight
 i - 2 potions of degeneration {unknown}
 j - 2 potions of curing {unknown}
 r - 2 potions of lignification
 t - 2 potions of magic
 v - 2 potions of heal wounds {unknown}
 w - a potion of agility {unknown}
 z - 2 potions of brilliance {unknown}
 E - a potion of ambrosia {unknown}
 F - a potion of invisibility {unknown}
Miscellaneous
 H - a lightning rod (3/4)
Comestibles
 c - 14 rations
 G - 2 chunks of flesh


   Skills:
 + Level 7.9 Fighting
 + Level 7.9 Short Blades
 + Level 4.3 Long Blades
 + Level 4.3 Axes
 + Level 4.3 Maces & Flails
 + Level 4.3 Polearms
 + Level 4.3 Staves
 + Level 4.3 Slings
 + Level 4.3 Bows
 + Level 4.3 Crossbows
 + Level 4.3 Throwing
 + Level 6.4 Armour
 + Level 5.1 Dodging
 + Level 4.3 Stealth
 + Level 4.3 Shields
 + Level 4.3 Unarmed Combat
 + Level 4.3 Spellcasting
 + Level 3.6 Conjurations
 + Level 3.6 Hexes
 + Level 3.6 Charms
 + Level 3.6 Summonings
 + Level 3.6 Necromancy
 + Level 3.6 Translocations
 + Level 3.6 Transmutations
 + Level 3.6 Fire Magic
 + Level 3.6 Ice Magic
 + Level 3.6 Air Magic
 + Level 3.6 Earth Magic
 + Level 3.6 Poison Magic
 + Level 4.8 Invocations
 + Level 4.3 Evocations


You had 14 spell levels left.
You knew the following spells:

 Your Spells              Type           Power        Failure   Level  Hunger
a - Ensorcelled Hibernat  Hex/Ice        ###...       4%          2    ##.....

Your spell library contained the following spells:

 Spells                   Type           Power        Failure   Level  Hunger
 Apportation              Tloc           ###...       3%          1    None
 Corona                   Hex            ###....      3%          1    None
 Magic Dart               Conj           ###.         3%          1    None
 Summon Butterflies       Summ           ###.....     3%          1    None
 Searing Ray              Conj           ###...       4%          2    ##.....
 Confusing Touch          Hex            ###.....     10%         3    ###....
 Dazzling Flash           Conj/Hex       ###...       10%         3    ###....
 Lesser Beckoning         Tloc           ###.......   10%         3    ###....
 Tukima's Dance           Hex            ###.....     10%         3    ###....
 Fulminant Prism          Conj/Hex       ###.......   32%         4    ####...
 Iskenderun's Mystic Bla  Conj/Tloc      ###.....     32%         4    ####...
 Alistair's Intoxication  Tmut/Pois      ###.....     67%         5    ######.
 Invisibility             Hex            ###.....     99%         6    #######


Dungeon Overview and Level Annotations

Branches:
Dungeon (8/15)             Temple (1/1) D:7           Sewer (visited)
   Lair: D:8-11

Altars:
Ashenzari
Cheibriados
Kikubaaqudgha
Makhleb
Qazlal
Ru
Trog
Xom
Yredelemnul
The Shining One

Annotations:
D:5 Pikel


Innate Abilities, Weirdness & Mutations

Your experience applies equally to all skills.
You have very sharp teeth.
Your uncanny sense of smell can sniff out nearby items.
You have large cloven feet.
You are partially covered in large bone plates. (SH +4)
You are frail. (-10% HP)
You expend magic power (3 MP) to strengthen your wands.
Your movements are slightly less encumbered by armour. (ER -2)


Message History

You are too injured to fight recklessly!
You puncture the two-headed ogre!
The two-headed ogre looks as sick as possible!
You kick the two-headed ogre.
You bite the two-headed ogre, but do no damage.
The two-headed ogre is moderately wounded.
The two-headed ogre misses you.
The two-headed ogre hits you with a +0 giant club!!
* * * LOW HITPOINT WARNING * * *
A shower of butterflies erupts from you!
You swap places.
Evoke which item? (* to show all) (? for menu, Esc to quit)
Aiming: Thunderbolt
Press: ? - help, Shift-Dir - straight line, f - two-headed ogre
Aim: a two-headed ogre, wielding two +0 giant clubs (heavily wounded, extremely poisoned) Unknown command.
The two-headed ogre completely misses you.
The two-headed ogre hits you with a +0 giant club!
You die...
Xom is highly amused!

#######.....###
.......[....#
......b.....+
............#
....bb.)....#
######..b.###
#.[..# ∆
∆...#..bO#
.......@#
##......#
..#####.. ...
#... .. #....
#..... #......
########


You could see a two-headed ogre.

Vanquished Creatures
  A hippogriff (D:7)
  A wyvern (D:6)
  Eustachio (D:5)
  A water moccasin (D:7)
  A sky beast (D:5)
  2 slaves (D:5)
  A black bear (D:7)
  2 ogres
  3 centaurs
  A big kobold (Sewer)
  2 bullfrogs
  2 scorpions
  2 howler monkeys
  2 crimson imps
  2 bullfrog zombies
  2 centaur zombies
  A jelly (D:6)
  3 orc priests (D:6)
  3 hounds (D:4)
  A centaur skeleton (D:6)
  2 iguanas
  6 orc wizards
  6 worker ants
  A hound skeleton (D:6)
  A worker ant zombie (D:7)
  8 adders
  A river rat (Sewer)
  2 shadow imps
  An ooze (D:1)
  4 worms
  2 adder skeletons
  2 dart slugs
  5 leopard geckos
  34 orcs
  5 giant cockroaches
  4 goblins
  10 hobgoblins
  12 jackals
  10 kobolds
  5 quokkas
  3 ball pythons
  6 bats
  7 frilled lizards
  A quokka skeleton (D:2)
  9 rats
181 creatures vanquished.

Vanquished Creatures (collateral kills)
  2 crimson imps
  An orc (D:7)
3 creatures vanquished.

Vanquished Creatures (others)
  A bullfrog skeleton (D:4)
  A bat (D:3)
2 creatures vanquished.

Grand Total: 186 creatures vanquished

Notes
Turn   | Place    | Note
-------+----------+-------------------------------------------
     0 | D:1      | MisterFreud the Gnoll Chaos Knight began the quest for the
                  | Orb.
     0 | D:1      | Reached XP level 1. HP: 23/23 MP: 1/1
    23 | D:1      | XOM: harmless Pois miscast
    25 | D:1      | XOM: potion effect (agility)
    38 | D:1      | Reached XP level 2. HP: 29/29 MP: 2/2
   446 | D:1      | Reached XP level 3. HP: 35/35 MP: 3/3
   830 | D:2      | Reached skill level 1 in Invocations
   939 | D:2      | Reached skill level 1 in Long Blades
   939 | D:2      | Reached skill level 1 in Axes
   939 | D:2      | Reached skill level 1 in Maces & Flails
   939 | D:2      | Reached skill level 1 in Polearms
   939 | D:2      | Reached skill level 1 in Staves
   939 | D:2      | Reached skill level 1 in Slings
   939 | D:2      | Reached skill level 1 in Bows
   939 | D:2      | Reached skill level 1 in Crossbows
   939 | D:2      | Reached skill level 1 in Throwing
   939 | D:2      | Reached skill level 1 in Stealth
   939 | D:2      | Reached skill level 1 in Shields
   939 | D:2      | Reached skill level 1 in Unarmed Combat
   939 | D:2      | Reached skill level 1 in Spellcasting
   939 | D:2      | Reached skill level 1 in Evocations
  1345 | D:2      | Reached XP level 4. HP: 39/41 MP: 5/5
  1605 | D:3      | XOM: cast spell 'Olgreb's Toxic Radiance'
  1709 | D:3      | Found a snail-covered altar of Cheibriados.
  1710 | D:3      | Found a bloodstained altar of Trog.
  1710 | D:3      | Found a basalt altar of Yredelemnul.
  1710 | D:3      | Found a shimmering altar of Xom.
  1710 | D:3      | Found a stormy altar of Qazlal.
  1717 | D:3      | Found a shattered altar of Ashenzari.
  1797 | D:3      | XOM: divination: detect items
  1822 | D:3      | Reached skill level 1 in Conjurations
  1822 | D:3      | Reached skill level 1 in Hexes
  1822 | D:3      | Reached skill level 1 in Charms
  1822 | D:3      | Reached skill level 1 in Summonings
  1822 | D:3      | Reached skill level 1 in Necromancy
  1822 | D:3      | Reached skill level 1 in Translocations
  1822 | D:3      | Reached skill level 1 in Transmutations
  1822 | D:3      | Reached skill level 1 in Fire Magic
  1822 | D:3      | Reached skill level 1 in Ice Magic
  1822 | D:3      | Reached skill level 1 in Air Magic
  1822 | D:3      | Reached skill level 1 in Earth Magic
  1822 | D:3      | Reached skill level 1 in Poison Magic
  1841 | D:3      | XOM: mild Ice miscast
  1938 | D:3      | Reached XP level 5. HP: 39/47 MP: 5/7
  2093 | D:4      | Found a glowing drain.
  2117 | Sewer    | XOM: noise
  2117 | Sewer    | Entered a sewer
  2171 | Sewer    | Noticed a big kobold
  2192 | Sewer    | Killed a big kobold
  2192 | Sewer    | Reached XP level 6. HP: 47/53 MP: 8/8
  2233 | Sewer    | Found a white marble altar of Elyvilon.
  2401 | D:4      | XOM: god gift: shortbow {god gift}
  2487 | D:4      | Reached skill level 5 in Armour
  2571 | D:4      | XOM: harmless Air miscast
  2660 | D:4      | XOM: god gift: metal-bound book {god gift}
  2763 | D:4      | Reached XP level 7. HP: 38/59 MP: 10/10
  2772 | D:4      | XOM: god gift: scroll labeled GAOBEPN KIJI {god gift}
  2778 | D:4      | XOM: scenery: create altars
  3091 | D:5      | Entered Level 5 of the Dungeon
  3119 | D:4      | XOM: destruction
  3123 | D:4      | XOM: divine lightning
  3134 | D:4      | XOM: cloud trail
  3453 | D:5      | XOM: harmless Air miscast
  3476 | D:5      | Noticed Eustachio
  3492 | D:5      | Killed Eustachio
  3492 | D:5      | Reached XP level 8. HP: 57/67 MP: 12/12
  3500 | D:5      | XOM: potion effect (invisibility)
  3501 | D:5      | Noticed Pikel
  3816 | D:5      | XOM: noise
  4164 | D:6      | XOM: confuse monster(s)
  4205 | D:6      | You fall into a shaft and drop 2 floors!
  4447 | D:8      | XOM: harmless Conj miscast
  4629 | D:8      | Noticed a two-headed ogre
  4635 | D:8      | XOM: cast spell 'Alistair's Intoxication'
  4643 | D:8      | XOM: enchant monster (good)
  4655 | D:8      | Found a flagged portal.
  4657 | D:8      | XOM: enchant monster (good)
  4667 | D:7      | Found a staircase to the Ecumenical Temple.
  4950 | Temple   | Entered the Ecumenical Temple
  5260 | D:7      | XOM: give mutations
  5260 | D:7      | Gained mutation: You expend magic power (3 MP) to
                  | strengthen your wands. [Xom's grace]
  5260 | D:7      | Gained mutation: You are partially covered in large bone
                  | plates. (SH +4) [Xom's grace]
  5470 | D:7      | XOM: god gift: 8 datura-tipped darts
  5643 | D:7      | Reached XP level 9. HP: 32/72 MP: 14/14
  5846 | D:7      | Learned a level 2 spell: Ensorcelled Hibernation
  6040 | D:6      | XOM: 1-stop teleportation journey
  6330 | D:6      | XOM: polymorph centaur -> wyvern
  6596 | D:6      | XOM: harmless Tmut miscast
  6785 | D:6      | Reached skill level 5 in Dodging
  6902 | D:6      | XOM: god gift: lightning rod (4/4)
  7081 | D:7      | XOM: give mutations
  7081 | D:7      | Gained mutation: You have large cloven feet. [Xom's grace]
  7081 | D:7      | Gained mutation: Your movements are slightly less
                  | encumbered by armour. (ER -2) [Xom's grace]
  7092 | D:7      | XOM: cloud trail
  7263 | D:7      | XOM: give mutation
  7263 | D:7      | Gained mutation: You are frail. (-10% HP) [Xom's mischief]
  7321 | D:8      | XOM: enchant monster (good)
  7343 | D:8      | HP: 2/66 [two-headed ogre/+0 giant club (19)]
  7343 | D:8      | XOM: butterfly on damage
  7347 | D:8      | Mangled by a two-headed ogre

Levels and vault maps discovered:
D:1:      dpeg_arrival_radiant, layout_rooms
D:2:      layout_basic, kennysheep_boxes
D:3:      layout_rooms, minitemple
D:4:      layout_loops_ring, cheibrodos_sewer_entry_bend
D:5:      layout_rooms, first_ration, serial_curves, eino_curves_03,
          eino_curves_04, uniq_pikel, uniq_eustachio
D:6:      layout_loops_corners
D:7:      layout_loops_ring, minmay_temple_entry_grid
D:8:      layout_gridville, nicolae_gozag_seed_capital, enter_bailey_2,
          grunt_livestock
Temple:   zaba_magenta_temple

Skill      XL: |  1  2  3  4  5  6  7  8  9 |
---------------+----------------------------+-----
Invocations    | 1 2 3 4 |  4.8
Long Blades    | 1 2 3 4 |  4.3
Axes           | 1 2 3 4 |  4.3
Maces & Flails | 1 2 3 4 |  4.3
Polearms       | 1 2 3 4 |  4.3
Staves         | 1 2 3 4 |  4.3
Slings         | 1 2 3 4 |  4.3
Bows           | 1 2 3 4 |  4.3
Crossbows      | 1 2 3 4 |  4.3
Throwing       | 1 2 3 4 |  4.3
Stealth        | 1 2 3 4 |  4.3
Shields        | 1 2 3 4 |  4.3
Unarmed Combat | 1 2 3 4 |  4.3
Spellcasting   | 1 2 3 4 |  4.3
Evocations     | 1 2 3 4 |  4.3
Conjurations   | 1 2 3 |  3.6
Hexes          | 1 2 3 |  3.6
Charms         | 1 2 3 |  3.6
Summonings     | 1 2 3 |  3.6
Necromancy     | 1 2 3 |  3.6
Translocations | 1 2 3 |  3.6
Transmutations | 1 2 3 |  3.6
Fire Magic     | 1 2 3 |  3.6
Ice Magic      | 1 2 3 |  3.6
Air Magic      | 1 2 3 |  3.6
Earth Magic    | 1 2 3 |  3.6
Poison Magic   | 1 2 3 |  3.6
Dodging        | 3 4 5 |  5.1
Armour         | 5 6 |  6.4
Fighting       | 7 |  7.9
Short Blades   | 7 |  7.9

Action                   |  1- 3 |  4- 6 |  7- 9 || total
-------------------------+-------+-------+-------++-------
Melee: Short sword       |    84 |   187 |   167 ||   438
       Bite              |     9 |    20 |    51 ||    80
       Punch             |       |     2 |     5 ||     7
       Trident           |       |       |   222 ||   222
       Kick              |       |       |     4 ||     4
Throw: Dart              |       |       |     3 ||     3
Evoke: Lightning rod     |       |       |     1 ||     1
  Use: Scroll            |       |     2 |    12 ||    14
 Stab: Distracted        |     1 |       |     1 ||     2
       Paralysed         |     2 |       |     1 ||     3
       Sleeping          |     1 |     2 |     7 ||    10
       Petrified         |       |       |     1 ||     1
       Invisible         |       |       |     4 ||     4
       Confused          |       |       |     1 ||     1
  Eat: Chunk             |     1 |     5 |    15 ||    21
Armor: Leather armour    |    17 |    45 |    86 ||   148
Dodge: Dodged            |    45 |   122 |   243 ||   410
Block: Other             |       |       |    27 ||    27

Table legend:
 A = Non-vault XP
 B = Vault XP
 C = Vault XP percentage of total XP
 D = Non-vault monster count
 E = Vault monster count
 F = Vault count percentage of total count
                 A         B        C        D         E       F
            +---------+---------+-------+---------+---------+-------
      Total |    3484 |     328 |   8.6 |     173 |      10 |   5.5
            +---------+---------+-------+---------+---------+-------
        D:1 |      37 |       0 |   0.0 |      22 |       0 |   0.0
        D:2 |      51 |       0 |   0.0 |      16 |       0 |   0.0
        D:3 |     111 |       0 |   0.0 |      31 |       0 |   0.0
        D:4 |     533 |       5 |   0.9 |      21 |       1 |   4.5
        D:5 |     486 |     202 |  29.4 |      12 |       1 |   7.7
        D:6 |    1247 |       0 |   0.0 |      34 |       0 |   0.0
        D:7 |     876 |       0 |   0.0 |      23 |       0 |   0.0
        D:8 |     140 |       0 |   0.0 |      13 |       0 |   0.0
     Temple |       3 |       0 |   0.0 |       1 |       0 |   0.0
      Sewer |       0 |     121 | 100.0 |       0 |       8 | 100.0
            +---------+---------+-------+---------+---------+-------
